 Dungeon Crawl Stone Soup version 0.31.0-32-g396128a36d (webtiles) character file.

Game seed: 6787420814589113926

229 booth the Cudgeller (level 6, -2/39 HPs)
             Began as a Gargoyle Monk on Mar 17, 2024.
             Frozen to death by an endoplasm (4 damage)
             ... on level 4 of the Dungeon.
             The game lasted 00:16:05 (2612 turns).

booth the Cudgeller (Gargoyle Monk)                 Turns: 2612, Time: 00:16:05

Health: -2/39      AC: 11    Str: 17    XL:     6   Next: 3%
Magic:  6/6        EV: 11    Int: 10    God:
Gold:   162        SH:  0    Dex: 12    Spells: 5/5 levels left

rFire   . . .        a - +0 mace
rCold   . . .        (no shield)
rNeg    + . .        f - +0 ring mail "Leren" {Stlth+}
rPois   ∞            (no helmet)
rElec   +            (no cloak)
rCorr   .            (no gloves)
SInv    .            i - +1 pair of boots
Will    .....        (no amulet)
Stlth   ++           (no ring)
HPRegen 0.26/turn    (no ring)
MPRegen 0.10/turn

%: no passive effects
@: no status effects
A: sickness immunity, AC +4, negative energy resistance 1, electricity
resistance, torment resistance 1, petrification resistance
a: no special abilities


You were on level 4 of the Dungeon.
You visited 1 branch of the dungeon, and saw 4 of its levels.

You collected 162 gold pieces.

Inventory:

Hand Weapons
 a - a +0 mace (weapon)
 e - a +0 whip
 k - a +0 flail
Missiles
 g - 14 poisoned darts
 j - 5 boomerangs (quivered)
Armour
 d - an orb of light
 f - the +0 ring mail "Leren" (worn) {Stlth+}
   (You found it on level 3 of the Dungeon)

   Stlth+:    It makes you more stealthy.
 i - a +1 pair of boots (worn)
 m - the +2 pair of boots of Febiginu {rPois rN+ Str+2 Slay-6}
   (You found it on level 3 of the Dungeon)

   Str+2:     It affects your strength (+2).
   Slay-6:    It affects your accuracy & damage with ranged weapons and melee
   (-6).
   rPois:     It protects you from poison rN+: It protects you from negative
   energy.
Scrolls
 b - a scroll of fear
 o - a scroll of teleportation
Potions
 c - 3 potions of ambrosia
 h - a potion of cancellation {unknown}
 l - a potion of curing
 n - a potion of experience {unknown}
 p - a potion of haste {unknown}


   Skills:
 + Level 4.5 Fighting
 * Level 5.0 Maces & Flails
 + Level 3.3 Dodging


You had 5 spell levels left.
You didn't know any spells.
Your spell library contained the following spells:

 Spells                   Type           Power      Damage    Failure   Level
 Tukima's Dance           Hex            0%         N/A       91%         3
 Dimensional Bullseye     Hex/Tloc       0%         N/A       100%        4
 Iskenderun's Mystic Bla  Conj/Tloc      0%         2d3       100%        4
 Haunt                    Necr/Summ      0%         N/A       100%        7
 Borgnjor's Revivificati  Necr           0%         N/A       100%        8
 Death's Door             Necr           0%         N/A       100%        9


Dungeon Overview and Level Annotations

Branches:
Dungeon (4/15)
 Temple: D:4-7

Altars:


Innate Abilities, Weirdness & Mutations

You are immune to sickness and miasma.
Your stone body is resilient. (AC +4)
You are immune to poison.
You resist negative energy. (rN+)
You are resistant to electric shocks. (rElec)
You are resistant to unholy torment.
You are immune to petrification.


Message History

The iguana is heavily wounded.
The iguana bites you.
You hit the iguana.
The iguana is severely wounded.
The iguana bites you!
You hit the iguana but do no damage.
The iguana is severely wounded.
The iguana bites you.
You closely miss the iguana.
The iguana is severely wounded.
The iguana bites you. The endoplasm closely misses you.
The iguana bites you but does no damage.
The endoplasm hits you but does no damage.
You hit the iguana but do no damage.
The iguana is severely wounded.
The iguana barely misses you. The endoplasm closely misses you.
You closely miss the iguana.
The iguana is severely wounded.
The endoplasm closely misses you. The iguana completely misses you.
Throw: 5 boomerangs
Press: ? - help, Q - select action, (/) - cycle Shift-Dir - straight line, f - iguana
Aim: an iguana (severely wounded, 60% to hit)
You throw a boomerang. The boomerang barely misses the iguana.
The iguana bites you but does no damage.
The endoplasm hits you but does no damage.
You closely miss the iguana.
The iguana is severely wounded.
The iguana barely misses you. The endoplasm closely misses you.
You hit the iguana but do no damage.
The iguana is severely wounded.
The endoplasm hits you but does no damage.
The iguana bites you but does no damage. x2
The endoplasm hits you.
You closely miss the iguana.
The iguana is heavily wounded.
The iguana bites you!
* * * LOW HITPOINT WARNING * * *
The endoplasm freezes you.
You are frozen.
You die...

###################
#>.......†.##......
#.########.#...##
###.# #..#.#.#####
....# #............
#.###
##..#.....##.# #.#
#............# #.#
###..#.....#>. #..
.......@l.## ###
####.##.#J##
#.##...# #. #....
#.#### #.# #. #.


You could see an iguana and an endoplasm.

Vanquished Creatures
  A scorpion (D:4)
  A hound (D:4)
  7 adders
  A dart slug (D:1)
  3 ribbon worms
  An orc (D:3)
  3 endoplasms
  2 giant cockroaches
  4 goblins
  7 hobgoblins
  4 jackals (D:2)
  12 kobolds
  2 quokkas
  4 ball pythons (D:1)
  7 bats
  A frilled lizard (D:2)
  17 rats
77 creatures vanquished.

Notes
Turn   | Place    | Note
-------+----------+-------------------------------------------
     0 | D:1      | booth the Gargoyle Monk began the quest for the Orb.
     0 | D:1      | Reached XP level 1. HP: 14/14 MP: 1/1
   169 | D:1      | Reached XP level 2. HP: 19/19 MP: 2/2
   577 | D:1      | Reached XP level 3. HP: 23/23 MP: 3/3
  1343 | D:2      | Reached skill level 4 in Maces & Flails
  1343 | D:2      | Reached XP level 4. HP: 28/29 MP: 4/4
  1871 | D:3      | Identified the +0 ring mail "Leren" {Stlth+}
  2124 | D:3      | Reached XP level 5. HP: 33/33 MP: 5/5
  2237 | D:3      | Identified the +2 pair of boots of Febiginu {rPois rN+
                  | Str+2 Slay-6}
  2591 | D:4      | Reached skill level 5 in Maces & Flails
  2596 | D:4      | Reached XP level 6. HP: 34/39 MP: 6/6
  2612 | D:4      | Frozen to death by an endoplasm

Illustrated notes

Levels and vault maps discovered:
D:1:      dpeg_arrival_radiant, layout_basic, minmay_misc_feat_tiny,
          minmay_rat_gold_closets
D:2:      layout_loops_ring, mrwooster_statue_mirror
D:3:      layout_rooms, kennysheep_small_spiral
D:4:      layout_loops_ring, skrybe_limestone_x

Skill      XL: |  1  2  3  4  5 |
---------------+----------------+-----
Maces & Flails | 4 5 |  5.0
Dodging        | 3 |  3.3
Fighting       | 4 |  4.5

Action                     |  1- 3 |  4- 6 || total
---------------------------+-------+-------++-------
  Melee: Mace              |   123 |   132 ||   255
  Throw: Boomerang         |       |    19 ||    19
    Use: Scroll            |     1 |     3 ||     4
         Potion            |     1 |     1 ||     2
 Armour: Leather armour    |    57 |       ||    57
         Ring mail         |    16 |    92 ||   108
  Dodge: Dodged            |    74 |   100 ||   174
